 Dungeon Crawl Stone Soup version 0.16.0-17-g811c1d7 (webtiles) character file.

212270 HungrySpirit the Brawler (level 18, -3/166 HPs)
             Began as a Ghoul Monk on Mar 21, 2015.
             Was the Champion of Cheibriados.
             Shot with a bolt by a naga sharpshooter (10 damage)
             ... led by Vashnia
             ... on level 4 of the Snake Pit.
             The game lasted 02:20:56 (28130 turns).

HungrySpirit the Brawler (Ghoul Monk)              Turns: 28130, Time: 02:20:58

Health: -3/166     AC: 19    Str: 31    XL:     18   Next: 92%
Magic:  19/28      EV: 25    Int: 24    God:    Cheibriados [******]
Gold:   1164       SH:  4    Dex: 26    Spells: 4 memorised, 8 levels left

rFire  + + .     SeeInvis +       - Unarmed
rCold  . . .     Clarity  .     r - +2 fire dragon armour
rNeg   + + +     SustAb   .     n - -3 buckler "Kauheypse" {rElec rCorr Str-3 Slay+2}
rPois  ∞         Gourm    .     c - +0 helmet
rElec  +         Spirit   .     I - +0 cloak
rCorr  +         Warding  .     (no gloves)
rMut   .         Stasis   .     p - +0 pair of boots
MR     +....                    t - amulet of regeneration
Stlth  +.........               M - ring of see invisible
                                u - +4 ring of evasion

@: rotting, very slow, somewhat resistant to hostile enchantments, very
unstealthy
A: rotting body, claws 1, carnivore 3, cold resistance 1, negative energy
resistance 3, poison resistance, slow healing 1, torment resistance, unbreathing
a: Bend Time, Temporal Distortion, Slouch, Step From Time, Renounce Religion
}: 1/15 runes: abyssal


You were on level 4 of the Snake Pit.
You worshipped Cheibriados.
Cheibriados was exalted by your worship.
You were not hungry.

You visited 5 branches of the dungeon, and saw 32 of its levels.
You visited the Abyss 1 time.
You also visited: Sewer, Bailey and Ice Cave.

You collected 3369 gold pieces.
You spent 2205 gold pieces at shops.

Inventory:

Armour
 c - a +0 helmet (worn)
 d - a +1 plate armour
 n - the -3 buckler "Kauheypse" (worn) {rElec rCorr Str-3 Slay+2}
   (You acquired it on level 1 of the Snake Pit)

   It affects your strength (-3).
   It affects your accuracy and damage with ranged weapons and melee attacks
   (+2).
   It insulates you from electricity.
   It protects you from acid and corrosion.
 p - a +0 pair of boots (worn)
 r - a +2 fire dragon armour (worn)
 I - a +0 cloak (worn)
Jewellery
 t - an amulet of regeneration (around neck)
 u - a +4 ring of evasion (left claw)
 x - an uncursed ring of protection from magic
 B - an uncursed ring of sustain abilities
 H - an uncursed ring of wizardry
 M - a ring of see invisible (right claw)
Magical devices
 h - a wand of disintegration (9)
 v - a wand of polymorph (6)
 C - a wand of fire (15)
 O - a wand of cold (7)
 Y - a wand of lightning (4)
Scrolls
 e - 2 scrolls of fog
 f - 5 scrolls of identify
 j - 14 scrolls of remove curse
 k - 4 scrolls of enchant weapon
 m - 13 scrolls of teleportation
 o - 4 scrolls of enchant armour
 q - 9 scrolls of amnesia
 y - 5 scrolls of recharging
 A - 4 scrolls of fear
 S - 5 scrolls of magic mapping
 U - a scroll of summoning
 X - a scroll of vulnerability
Potions
 b - 16 potions of curing
 i - a potion of cancellation
 s - 2 potions of brilliance
 D - 5 potions of invisibility
 F - a potion of magic
 J - 2 potions of restore abilities
 N - a potion of agility
 Q - 2 potions of flight
 V - 4 potions of might
 W - a potion of berserk rage
Miscellaneous
 G - a phial of floods (inert)
 T - a stone of tremors (inert)
Comestibles
 a - 5 chunks of flesh
 l - 5 slices of pizza
 z - 16 meat rations
 E - a royal jelly
 L - 4 beef jerkies


   Skills:
 + Level 16.1 Fighting
 + Level 13.4 Armour
 + Level 10.0 Dodging
 - Level 2.1 Stealth
 - Level 5.0 Shields
 + Level 20.6 Unarmed Combat
 - Level 5.2 Spellcasting
 + Level 5.4 Charms
 + Level 4.7 Air Magic
 - Level 9.2 Invocations


You had 8 spell levels left.
You knew the following spells:

 Your Spells              Type           Power        Failure   Level  Hunger
a - Silence               Hex/Air        ###.......   99%         5    #####..
b - Deflect Missiles      Chrm/Air       ####......   100%        6    #######
c - Flight                Chrm/Air       ####......   10%         3    ##.....
d - Phase Shift           Tloc           #.........   100%        5    #####..


Dungeon Overview and Level Annotations

Branches:
Dungeon (15/15)            Temple (1/1) D:5            Lair (8/8) D:10
 Shoals (0/5) Lair:3        Snake (4/5) Lair:5        Slime (0/6) Lair:6
    Orc (4/4) D:11            Elf (0/3) Orc:4        Vaults (0/5) D:14
 Depths (0/5) D:15

Altars:
Cheibriados
Dithmenos
Elyvilon
Fedhas
Gozag
Kikubaaqudgha
Makhleb
Nemelex Xobeh
Okawaru
Qazlal
Trog
Vehumet
Yredelemnul
Zin
Jiyva

Shops:
D:5 %   D:14 !   D:15 [%   Orc:1 *   Orc:2 *   Orc:4 [%[(

Portals:
Trove: D:12 (give wand of hasting (9))

Annotations:
Snake:4 Vashnia


Innate Abilities, Weirdness & Mutations

Your body is rotting away.
You thrive on raw meat.
You have sharp fingernails.
You are carnivorous and can eat meat at any time.
Your flesh is cold resistant.
You are immune to negative energy.
Your system is resistant to poisons.
You heal slowly when monsters are visible.
You are immune to unholy pain and torment.
You can survive without breathing.


Message History

The bolt hits you.
* * * LOW HITPOINT WARNING * * *
The naga sharpshooter casts a spell.
The naga sharpshooter magically shoots an arrow.
The arrow completely misses you.
Use which ability? (? or * to list)
Okay, then.
Use which ability? (? or * to list)
You step out of the flow of time.
You return to the normal time flow.
You feel somewhat more hungry.
Read which item? (? for menu, Esc to quit)
As you read the scroll of teleportation, it crumbles to dust.
You feel strangely unstable.
You start resting.
Your surroundings suddenly seem different.
The naga sharpshooter shouts! x2
The naga sharpshooter mumbles some strange words.
The naga sharpshooter magically shoots a bolt.
The bolt hits you!
You die...

##.####.).N..###...#....##
#..# #...#####....###....
##..# #...## ##.#..# ##...
#...####....###..#..###((.E
###.........N.......##§((.#
#.#####......#......§##((
#####.# ##.....###....###.(
#.....# ##.###.###...##....
####..# #.@# ##.##(.(()()..
##.#####.## #.....(###...
#........## #......####.#
#.....###.###.......##..#
##....## #.......###.##.##
#.##..# #>.###.## #.....
#####.####.## #.# #..## ###
#..##..####(## ##...# #.#
##.......##..# #.....


You could see 2 naga sharpshooters.

Vanquished Creatures
  An ancient lich (Abyss:4)
  A tentacled monstrosity (Abyss:4)
  An Ice Fiend (IceCv)
  5 tentacled starspawn
  4 greater nagas
  Gastronok (Lair:1)
  A very ugly thing (Abyss:1)
  Josephine (D:13)
  A great orb of eyes (Abyss:1)
  8 vault guards (D:14)
  An ogre mage (D:15)
  Harold (Lair:4)
  7 hydras
  Nessos (D:12)
  13 naga warriors
  A catoblepas (Lair:8)
  Erica (Lair:8)
  A rakshasa (D:15)
  2 centaur warriors (D:13)
  4 tengu warriors
  14 anacondas
  7 death yaks
  3 orc high priests (Orc:4)
  3 thrashing horrors
  The ghost of Pr0man the Cleaver, an experienced FoFi of Makhleb (D:8)
  5 shock serpents
  A hell hog (Abyss:2)
  15 naga sharpshooters
  Nergalle (Lair:1)
  2 salamander mystics (Snake:3)
  A sun demon (Orc:4)
  3 wretched stars
  10 slime creatures
  7 ice devils (IceCv)
  A deep elf knight (Bailey)
  2 giant orange brains
  A wizard (D:15)
  4 unseen horrors
  6 hill giants
  2 ice statues (IceCv)
  3 swamp dragons (Snake:4)
  8 naga ritualists
  5 orc sorcerers
  4 griffons
  11 mana vipers
  5 orc knights
  10 salamanders
  3 cyclopes
  44 black mambas
  5 ugly things
  A moth of wrath (shapeshifter) (D:15)
  A guardian serpent (Snake:2)
  A sixfirhy (Abyss:1)
  52 elephants
  3 manticores
  A rust devil (Abyss:1)
  8 centaur zombies
  Joseph (D:10)
  8 spiny frogs
  2 smoke demons
  3 centaur skeletons
  11 large abominations
  15 naga magi
  2 torpor snails
  Psyche (Orc:3)
  A kobold demonologist (D:13)
  6 starcursed masses (Abyss:4)
  7 komodo dragons
  An orange demon (Orc:4)
  A tormentor (Abyss:2)
  An anaconda simulacrum (IceCv)
  4 fire drakes
  A hellwing (Orc:2)
  A troll (D:10)
  2 ancient zymes
  A deep elf priest (Bailey)
  A red devil (Orc:4)
  A merfolk (shapeshifter) (D:15)
  4 blue devils
  A tengu conjurer (D:14)
  2 freezing wraiths
  A polar bear (Lair:7)
  A raiju (shapeshifter) (D:15)
  4 wandering mushrooms (D:12)
  2 two-headed ogres
  6 ravens
  A snapping turtle (shapeshifter) (D:15)
  5 raiju (Abyss:4)
  3 boulder beetles
  12 blink frogs
  A deep elf mage (D:15)
  11 wraiths
  4 basilisks
  An alligator skeleton (Abyss:4)
  2 shadows
  3 ynoxinuls
  51 yaks
  10 hippogriffs
  A wyvern (Lair:8)
  5 deep elf fighters (Bailey)
  A chaos spawn (Abyss:1)
  A hungry ghost (D:14)
  2 dire elephant simulacra (IceCv)
  6 vampire mosquitoes
  5 harpy simulacra (IceCv)
  39 nagas
  4 neqoxecs
  2 iron troll simulacra (IceCv)
  Menkaure (D:5)
  19 wolves
  7 swamp worms (Snake:4)
  29 water moccasins
  12 porcupines
  19 orc warriors
  5 sky beasts
  4 swamp drakes (Snake:4)
  15 ogres
  11 ice beasts
  2 necrophages
  A hornet simulacrum (D:15)
  A black bear (D:12)
  A phantom (D:7)
  18 crocodiles
  15 centaurs
  A wasp (D:10)
  2 boring beetles
  8 small abominations
  7 big kobolds
  22 giant frogs
  A wyvern zombie (D:13)
  3 scorpions
  A wyvern skeleton (D:8)
  2 yak skeletons (Orc:4)
  4 electric eels
  12 killer bees
  2 lava snakes (Snake:1)
  2 oklob saplings (D:12)
  2 goliath beetles (D:7)
  5 quasits
  9 crimson imps
  A giant frog zombie (D:12)
  13 hounds
  20 orc priests
  2 giant frog skeletons
  2 jellies
  23 orc wizards
  10 spectral orcs (Lair:1)
  7 hell rats (Lair:7)
  7 iguanas
  A lightning spire (Abyss:4)
  8 worker ants
  4 sheep
  Jessica (D:2)
  2 hound zombies
  A worker ant zombie (D:8)
  2 mummies
  35 adders
  8 gnolls
  93 river rats
  A shadow imp (Abyss:1)
  A giant mite (D:3)
  15 white imps
  11 worms
  An ufetubus (Abyss:1)
  An adder zombie (D:9)
  9 giant geckos
  2 oozes
  130 orcs
  15 ball pythons
  A bat skeleton (D:4)
  2 bat zombies
  23 hobgoblins
  12 jackals
  15 bats
  3 giant cockroaches
  A giant gecko zombie (D:5)
  5 giant newts
  A giant spore (D:6)
  29 goblins
  42 kobolds
  A lurking horror (Abyss:1)
  2 orc skeletons (Orc:2)
  8 orc zombies
  13 quokkas
  22 rats
  10 rat skeletons (Orc:4)
  3 ballistomycetes
  A plant (Lair:1)
  A starspawn tentacle (Abyss:1)
1436 creatures vanquished.

Vanquished Creatures (others)
  An earth elemental (Snake:4)
  A lightning spire (Abyss:4)
  4 white imps (Snake:3)
  2 orcs
  A giant spore (D:9)
  A fungus (Lair:7)
  3 plants
  7 starspawn tentacles
  15 starspawn tentacle segments
35 creatures vanquished.

Grand Total: 1471 creatures vanquished

Notes
Turn   | Place    | Note
--------------------------------------------------------------
     0 | D:1      | HungrySpirit, the Ghoul Monk, began the quest for the Orb.
     0 | D:1      | Reached XP level 1. HP: 19/19 MP: 1/1
   179 | D:1      | Reached XP level 2. HP: 24/26 MP: 2/2
   481 | D:1      | Reached skill level 5 in Unarmed Combat
   743 | D:2      | Reached skill level 1 in Armour
   871 | D:2      | Reached XP level 3. HP: 31/31 MP: 3/3
  1458 | D:2      | Noticed Jessica
  1463 | D:2      | Killed Jessica
  1463 | D:2      | Reached XP level 4. HP: 35/38 MP: 3/3
  2005 | D:3      | Found a glowing drain.
  2007 | D:3      | Reached XP level 5. HP: 46/46 MP: 4/4
  2015 | Sewer    | Entered a sewer
  2207 | Sewer    | Reached skill level 6 in Unarmed Combat
  2218 | Sewer    | Reached XP level 6. HP: 48/53 MP: 5/5
  2809 | D:3      | Found a stormy altar of Qazlal.
  3032 | D:3      | Reached skill level 7 in Unarmed Combat
  3032 | D:3      | Reached XP level 7. HP: 55/60 MP: 5/5
  3374 | D:4      | Reached skill level 5 in Fighting
  3834 | D:5      | Entered Level 5 of the Dungeon
  3982 | D:5      | Found a staircase to the Ecumenical Temple.
  3985 | D:5      | Found Diokas' Food Emporium.
  3988 | Temple   | Entered the Ecumenical Temple
  3998 | Temple   | Became a worshipper of Cheibriados the Contemplative
  3998 | Temple   | Acquired Cheibriados' first power
  4165 | D:5      | Reached skill level 8 in Unarmed Combat
  4243 | D:5      | Reached XP level 8. HP: 70/70 MP: 6/6
  4382 | D:5      | Noticed Menkaure
  4386 | D:5      | Killed Menkaure
  4870 | D:6      | Found a sparkling altar of Nemelex Xobeh.
  4881 | D:6      | Reached skill level 9 in Unarmed Combat
  4888 | D:6      | Acquired Cheibriados' second power
  5013 | D:6      | Reached XP level 9. HP: 78/78 MP: 7/7
  5278 | D:6      | Reached skill level 5 in Armour
  5378 | D:6      | Reached skill level 10 in Unarmed Combat
  5407 | D:6      | Found an iron altar of Okawaru.
  5552 | D:7      | Acquired Cheibriados' third power
  5732 | D:7      | Reached skill level 1 in Invocations
  5955 | D:7      | Found a glowing silver altar of Zin.
  6199 | D:8      | Acquired Cheibriados' fourth power
  6245 | D:8      | Noticed Pr0man's ghost (experienced FoFi)
  6254 | D:8      | Killed Pr0man's ghost
  6254 | D:8      | Reached skill level 11 in Unarmed Combat
  6254 | D:8      | Reached XP level 10. HP: 70/88 MP: 11/13
  6275 | D:8      | Found a flagged portal.
  6291 | Bailey   | Entered a bailey
  6378 | Bailey   | Noticed a deep elf knight
  6383 | Bailey   | Killed a deep elf knight
  6405 | Bailey   | Identified the Handbook of the Oath and Transmutation
  6418 | Bailey   | Learned a level 5 spell: Silence
  6611 | D:8      | Reached skill level 12 in Unarmed Combat
  6631 | D:8      | Found a blossoming altar of Fedhas.
  6732 | D:8      | Found a basalt altar of Yredelemnul.
  6739 | D:8      | Found an opulent altar of Gozag.
  7554 | D:9      | Reached skill level 5 in Invocations
  7831 | D:10     | Entered Level 10 of the Dungeon
  7873 | D:10     | Found a staircase to the Lair.
  7999 | D:10     | Noticed an unseen horror
  8002 | D:10     | Killed an unseen horror
  8002 | D:10     | Reached XP level 11. HP: 89/97 MP: 15/18
  8091 | D:10     | Noticed a hill giant
  8095 | D:10     | Killed a hill giant
  8299 | D:10     | Noticed Joseph
  8305 | D:10     | Killed Joseph
  8502 | D:11     | Noticed an unseen horror
  8504 | D:11     | Killed an unseen horror
  8504 | D:11     | Reached skill level 13 in Unarmed Combat
  8601 | D:11     | Reached skill level 10 in Fighting
  8655 | D:11     | Found a staircase to the Orcish Mines.
  9043 | Lair:1   | Entered Level 1 of the Lair of Beasts
  9160 | Lair:1   | Noticed Nergalle
  9179 | Lair:1   | Noticed a spectral orc warlord
  9187 | Lair:1   | Noticed a spectral orc warlord
  9195 | Lair:1   | Killed a spectral orc warlord
  9196 | Lair:1   | Killed a spectral orc warlord
  9209 | Lair:1   | Killed Nergalle
  9236 | Lair:1   | Noticed Gastronok
  9253 | Lair:1   | Killed Gastronok
  9253 | Lair:1   | Reached XP level 12. HP: 91/107 MP: 19/21
  9426 | Lair:1   | Reached skill level 14 in Unarmed Combat
 11040 | Lair:3   | Found a staircase to the Shoals.
 11127 | Lair:3   | Found a burning altar of Makhleb.
 11580 | Lair:4   | Reached skill level 15 in Unarmed Combat
 11615 | Lair:4   | Reached XP level 13. HP: 87/116 MP: 19/23
 11767 | Lair:4   | Noticed Harold
 11776 | Lair:4   | Killed Harold
 12423 | Lair:5   | Found a staircase to the Snake Pit.
 12429 | Lair:5   | Reached skill level 1 in Shields
 12553 | Lair:5   | Reached skill level 16 in Unarmed Combat
 12558 | Lair:5   | Reached skill level 10 in Armour
 13240 | Lair:6   | Reached XP level 14. HP: 115/127 MP: 22/25
 13618 | Lair:6   | Found a staircase to the Slime Pits.
 13619 | Lair:6   | Found a viscous altar of Jiyva.
 14354 | Lair:7   | Reached skill level 17 in Unarmed Combat
 14842 | Lair:8   | Entered Level 8 of the Lair of Beasts
 15018 | Lair:8   | Noticed Erica
 15024 | Lair:8   | Killed Erica
 15523 | Lair:8   | Reached XP level 15. HP: 60/136 MP: 26/26
 15618 | Lair:8   | Reached skill level 5 in Dodging
 15660 | Lair:8   | Reached skill level 18 in Unarmed Combat
 15677 | Lair:8   | Got a slimy sapphire amulet
 16176 | Orc:1    | Entered Level 1 of the Orcish Mines
 16680 | Orc:2    | Found Priog's Assorted Antiques.
 16717 | Orc:2    | Bought a glass wand for 88 gold pieces
 17261 | Orc:3    | Found a radiant altar of Vehumet.
 17330 | Orc:3    | Noticed Psyche
 17332 | Orc:3    | Killed Psyche
 17741 | Orc:1    | Found Gol Ofar's Assorted Antiques.
 17778 | Orc:1    | Bought an emerald potion for 25 gold pieces
 17865 | Orc:4    | Entered Level 4 of the Orcish Mines
 17942 | Orc:4    | Found a staircase to the Elven Halls.
 18109 | Orc:4    | Reached skill level 1 in Spellcasting
 18510 | Orc:4    | Found Stygeyt's Antique Armour Shop.
 18553 | Orc:4    | Found Cocul's Antique Weapon Shoppe.
 18572 | Orc:4    | Found Iguinn's Food Shop.
 18572 | Orc:4    | Found Qiediz's Armour Shoppe.
 18593 | Orc:4    | Bought a pair of twisted gloves for 247 gold pieces
 18593 | Orc:4    | Bought a runed fire dragon armour for 1560 gold pieces
 18598 | Orc:4    | Identified the +2 pair of gloves of the Beginning {rPois rN+ Dex-3 SInv} (You bought it in a shop on level 4 of the Orcish Mines)
 18837 | D:12     | Identified the amulet "Nuygot" {Gourm MP+9} (You found it on level 8 of the Lair of Beasts)
 18841 | D:12     | Found a portal to a secret trove of treasure.
 19117 | D:12     | Noticed Nessos
 19126 | D:12     | Killed Nessos
 19183 | D:12     | Found a blossoming altar of Fedhas.
 20105 | D:13     | Noticed Josephine
 20111 | D:13     | Killed Josephine
 20321 | D:13     | Reached XP level 16. HP: 137/146 MP: 27/27
 20854 | D:14     | Found a stormy altar of Qazlal.
 20948 | D:14     | Reached skill level 19 in Unarmed Combat
 21007 | D:14     | Found Ledybb's Distillery.
 21015 | D:14     | Bought a potion of resistance for 190 gold pieces
 21015 | D:14     | Bought a potion of heal wounds for 95 gold pieces
 21106 | D:14     | Found a gate to the Vaults.
 21600 | D:15     | Entered Level 15 of the Dungeon
 21600 | D:15     | Found Mourac's Armour Emporium.
 21713 | D:15     | Found Choaw's Food Shop.
 21805 | D:15     | Cast into the Abyss (a wizard)
 22038 | Abyss:1  | Noticed a tentacled starspawn
 22042 | Abyss:1  | Killed a tentacled starspawn
 22044 | Abyss:1  | Noticed a tentacled starspawn
 22050 | Abyss:1  | Killed a tentacled starspawn
 22102 | Abyss:1  | Found an iron altar of Okawaru.
 22110 | Abyss:1  | Noticed a tentacled starspawn
 22113 | Abyss:1  | Killed a tentacled starspawn
 22403 | Abyss:4  | Noticed a tentacled starspawn
 22408 | Abyss:4  | Killed a tentacled starspawn
 22428 | Abyss:4  | Identified the Almanac of Floating Creation
 22436 | Abyss:4  | Learned a level 6 spell: Deflect Missiles
 22440 | Abyss:4  | Learned a level 3 spell: Flight
 22446 | Abyss:4  | Learned a level 5 spell: Phase Shift
 22460 | Abyss:4  | Noticed a tentacled monstrosity
 22467 | Abyss:4  | Killed a tentacled monstrosity
 22475 | Abyss:4  | Noticed a tentacled starspawn
 22481 | Abyss:4  | Killed a tentacled starspawn
 22545 | Abyss:4  | Reached XP level 17. HP: 84/153 MP: 17/28
 22552 | Abyss:4  | Noticed an ancient lich
 22566 | Abyss:4  | Killed an ancient lich
 22566 | Abyss:4  | Reached skill level 5 in Spellcasting
 22568 | Abyss:4  | Got an abyssal rune of Zot
 22638 | D:15     | Escaped the Abyss
 22642 | D:15     | Reached skill level 20 in Unarmed Combat
 22829 | D:15     | Reached skill level 1 in Air Magic
 22831 | D:15     | Reached skill level 15 in Fighting
 22835 | D:15     | Reached skill level 1 in Charms
 22897 | D:15     | Found a staircase to the Depths.
 23455 | Snake:1  | Entered Level 1 of the Snake Pit
 24138 | Snake:1  | Identified a scroll of acquirement
 24140 | Snake:1  | Got a faintly glowing buckler
 24141 | Snake:1  | Identified the -3 buckler "Kauheypse" {rElec rCorr Str-3 Slay+2} (You acquired it on level 1 of the Snake Pit)
 24911 | Snake:2  | Reached skill level 5 in Shields
 25593 | Snake:3  | Learned a level 1 spell: Shock
 25645 | Snake:3  | Found a frozen archway.
 25680 | IceCv    | Entered an ice cave
 25706 | IceCv    | Reached XP level 18. HP: 151/163 MP: 28/28
 25863 | IceCv    | Noticed an Ice Fiend
 25872 | IceCv    | Killed an Ice Fiend
 26875 | Snake:4  | Noticed Vashnia
 27218 | Snake:4  | Reached skill level 5 in Charms
 27341 | Snake:4  | Found a white marble altar of Elyvilon.
 28047 | Snake:4  | Reached skill level 10 in Dodging
 28123 | Snake:4  | HP: 1/166 [naga sharpshooter/arrow[Vashnia] (18)]
 28130 | Snake:4  | Shot with a bolt by a naga sharpshooter

Action                   |  1- 3 |  4- 6 |  7- 9 | 10-12 | 13-15 | 16-18 || total
-------------------------+-------+-------+-------+-------+-------+-------++-------
Melee: Unarmed           |    89 |   276 |   254 |   487 |  1031 |   925 ||  3062
Invok: Temporal Distorti |       |       |       |     2 |     2 |     5 ||     9
       Slouch            |       |       |       |       |    10 |     6 ||    16
       Step From Time    |       |       |       |       |       |     1 ||     1
Evoke: Wand              |       |       |       |       |     2 |       ||     2
       Stone of tremors  |       |       |       |       |       |     1 ||     1
       Phial of floods   |       |       |       |       |       |     1 ||     1
  Use: Scroll            |     5 |     1 |     7 |    13 |    12 |    15 ||    53
       Potion            |       |       |       |       |       |    10 ||    10
 Stab: Confused          |       |       |       |       |     1 |       ||     1
       Distracted        |       |       |       |       |       |     1 ||     1
  Eat: Chunk             |     9 |    21 |    14 |    49 |   143 |   109 ||   345
       Beef jerky        |       |       |       |       |       |     2 ||     2
